 Dungeon Crawl Stone Soup version 0.31-a0-303-gdc8c9485ea (webtiles) character file.

Game seed: 1377887037573273815

118 cforsyth the Trooper (level 5, -1/47 HPs)
             Began as a Meteoran Fighter on July 17, 2023.
             Slain by an orc warrior
             ... wielding a +0 glaive
              (9 damage)
             ... on level 6 of the Dungeon.
             The game lasted 00:03:57 (874 turns).

cforsyth the Trooper (Meteoran Fighter)              Turns: 874, Time: 00:03:58

Health: -1/47      AC: 10    Str: 19    XL:     5   Next: 48%
Magic:  6/6        EV:  9    Int: 10    God:
Gold:   85         SH:  5    Dex: 13    Spells: 4/4 levels left

rFire   . .          .
                       - Unarmed
rCold   . . .        b - +0 buckler
rNeg    . . .        a - +0 scale mail
rPois   .            (no helmet)
rElec   .            (no cloak)
rCorr   .            (no gloves)
SInv    .            (no boots)
Will    .....        (no amulet) Stlth
                     m - +4 ring of protection
HPRegen 0.27/turn    (no ring)
MPRegen 0.10/turn

%: no passive effects
@: glowing
A: sense surroundings 1, otherworldly, glowing, explore regen
a: no special abilities


You were on level 6 of the Dungeon.
You visited 1 branch of the dungeon, and saw 5 of its levels.

You collected 85 gold pieces.

Inventory:

Armour
 a - a +0 scale mail (worn)
 b - a +0 buckler (worn)
Jewellery
 m - a +4 ring of protection (left hand)
Wands
 n - a wand of flame (15)
Scrolls
 e - a scroll of enchant armour {unknown}
 g - a scroll of revelation {unknown}
 i - a scroll of teleportation {unknown}
 j - 2 scrolls of blinking {unknown}
 l - a scroll of fog {unknown}
 p - a scroll of vulnerability {unknown}
Potions
 c - a potion of might
 d - a potion of enlightenment {unknown}
 f - 2 potions of heal wounds {unknown}
 h - 2 potions of curing {unknown}
 k - a potion of cancellation {unknown}
 o - a potion of attraction {unknown}
 q - a potion of haste {unknown}


   Skills:
 + Level 4.9 Fighting
 - Level 3.6 Armour
 - Level 3.6 Shields
 + Level 4.6 Unarmed Combat


You had 4 spell levels left.
You didn't know any spells.
Your spell library contained the following spells:

 Spells                   Type           Power      Damage    Failure   Level
 Ensorcelled Hibernation  Hex/Ice        0%         N/A       91%         2
 Anguish                  Hex/Necr       0%         N/A       100%        4


Dungeon Overview and Level Annotations

Branches:
Dungeon (4/15) Zot: 2120
 Temple: D:4-7

Altars:


Innate Abilities, Weirdness & Mutations

You passively map a small area around you.
You are easily found by Zot.
You glow in the dark.
You regain HP and MP as you explore.


Message History

You closely miss the black bear.
The black bear is heavily wounded.
The black bear completely misses you. The black bear claws you.
You block the black bear's attack.
You barely miss the black bear.
The black bear is heavily wounded.
You barely miss the black bear.
The black bear is heavily wounded.
The black bear barely misses you. x2; You block the black bear's attack.
You hit the black bear.
The black bear is heavily wounded.
The black bear barely misses you.
The black bear claws you but does no damage.
The black bear claws you. You block the orc warrior's attack.
You closely miss the black bear.
The black bear is heavily wounded.
The black bear bites you. The black bear claws you.
You block the black bear's attack.
The orc warrior hits you from afar with a +0 glaive!
You are too injured to fight recklessly!
You are too injured to fight recklessly!
You are too injured to fight recklessly!
You are too injured to fight recklessly!
You are too injured to fight recklessly!
You are too injured to fight recklessly!
You are too injured to fight recklessly!
You hit the black bear.
The black bear is severely wounded.
You block the black bear's attack.
The black bear claws you but does no damage.
The black bear barely misses you.
The orc warrior hits you from afar with a +0 glaive!
* * * LOW HITPOINT WARNING * * *
Unknown command.
Unknown command.
You hit the black bear.
The black bear is almost dead.
The black bear goes berserk!
The orc warrior hits you from afar with a +0 glaive!
You die...

* , * *+######
.......########
* * #........#
,, ##@#####.# *
* ,#h# #.# * *_
* #o# **#.# *
,* ,#oo #.# +
#..,, #.# * * *
, #... #.# * ,
, * *.... #.#
.#...
#.#########
+..........


You could see an orc warrior, a black bear (berserk) and 2 orcs.

Vanquished Creatures
  2 orc wizards
  An adder (D:2)
  2 worms (D:2)
  8 orcs (D:3)
  3 endoplasms
  3 giant cockroaches (D:1)
  3 goblins
  2 hobgoblins
  3 jackals (D:1)
  4 kobolds
  3 quokkas
  2 ball pythons
  2 bats
  2 frilled lizards (D:1)
  3 rats
43 creatures vanquished.

Notes
Turn   | Place    | Note
-------+----------+-------------------------------------------
     0 | D:1      | cforsyth the Meteoran Fighter began the quest for the Orb.
     0 | D:1      | Reached XP level 1. HP: 19/19 MP: 2/2
    67 | D:1      | Reached XP level 2. HP: 20/26 MP: 3/3
   287 | D:1      | Reached XP level 3. HP: 28/33 MP: 4/4
   489 | D:3      | Reached XP level 4. HP: 19/40 MP: 5/5
   522 | D:3      | Reached XP level 5. HP: 13/47 MP: 6/6
   835 | D:3      | You fall into a shaft and drop 3 floors!
   851 | D:6      | Noticed a black bear
   851 | D:6      | Noticed an orc warrior
   874 | D:6      | Slain by an orc warrior

Illustrated notes

Levels and vault maps discovered:
D:1:      lemuel_arrival_funnel, layout_rooms, amethyst_killhole,
          chequers_serial_rivers_large_a
D:2:      cheibrodos_pilgrimage, layout_basic
D:3:      layout_loops_ring, shapermc_ecumenical_altar_pompeii,
          minmay_surrounded
D:4:      layout_basic
D:6:      layout_basic, chei_slow_surprise, xom_confusion_cloud,
          nicolae_elevator_lobby_asterisk

Skill      XL: |  1  2  3  4 |
---------------+-------------+-----
Unarmed Combat | 3 4 |  4.6
Fighting       | 4 |  4.9
Armour         | |  3.6
Shields        | |  3.6

Action                     |  1- 3 |  4- 6 || total
---------------------------+-------+-------++-------
  Melee: Unarmed           |   127 |    76 ||   203
 Armour: Scale mail        |    49 |    29 ||    78
  Dodge: Dodged            |    41 |    28 ||    69
  Block: Buckler           |    26 |    19 ||    45

Table legend: (Time is in decaauts)
 A = Elapsed time spent in this place.
 B = Non-inter-level travel time spent in this place.
 C = Inter-level travel time spent in this place.
 D = Time resting spent in this place.
 E = Time spent auto-exploring this place.
 F = Levels seen in this place.
 G = Mean time per level.
                   A        B        C        D        E       F      G
               +--------+--------+--------+--------+--------+-----+--------+
         Total |    878 |    878 |      0 |      0 |      0 |   5 |  175.6 |
       Dungeon |    878 |    878 |      0 |      0 |      0 |   5 |  175.6 |
               +--------+--------+--------+--------+--------+-----+--------+

Top non-repeatable levels by time:
     D:1: 382 daAuts
     D:2: 265 daAuts
     D:3: 189 daAuts
     D:6: 37 daAuts
     D:4: 3 daAuts
